 Dungeon Crawl Stone Soup version 0.29-a0-231-g945431f764 (webtiles) character file.

Game seed: 13117648323017226647

981 sanka the Chopper (level 8, 0/67 HPs)
             Began as a Gnoll Cinder Acolyte on Feb 28, 2022.
             Was a High Priest of Ignis.
             Slain by a two-headed ogre
             ... wielding a +0 giant club
              (33 damage)
             ... on level 8 of the Dungeon.
             The game lasted 00:07:59 (5661 turns).

sanka the Chopper (Gnoll Cinder Acolyte)            Turns: 5661, Time: 00:08:00

Health: 0/67       AC:  3    Str: 13    XL:     8   Next: 17%
Magic:  10/14      EV: 12    Int: 13    God:    Ignis [*****.]
Gold:   211        SH:  0    Dex: 11    Spells: 13/15 levels left

rFire   + . .      SeeInvis +   a - -1 hand axe (flame)
rCold   . . .      Faith    .   (no shield)
rNeg    . . .      Spirit   .   b - +0 robe
rPois   .          Reflect  .   k - +0 helmet
rElec   .          Harm     .   (no cloak)
rCorr   +          Rampage  .   (no gloves)
Will    .....                   (no boots)
Stlth   ++........              (no amulet)
HPRegen 0.21/turn               q - ring of see invisible
MPRegen 0.14/turn               n - ring of resist corrosion

@: no status effects
A: fangs 1, strong nose, distributed training
a: Renounce Religion, Fiery Armour, Foxfire Swarm, Rising Flame


You were on level 8 of the Dungeon.
You worshipped Ignis.
Ignis was extremely pleased with you.
You visited 1 branch of the dungeon, and saw 6 of its levels.

You collected 211 gold pieces.


Innate Abilities, Weirdness & Mutations

You have very sharp teeth.
Your uncanny sense of smell can sniff out nearby items.
Your experience applies equally to all skills.


   Skills:
 + Level 7.2 Fighting
 + Level 3.0 Short Blades
 + Level 3.0 Long Blades
 + Level 7.2 Axes
 + Level 3.0 Maces & Flails
 + Level 3.0 Polearms
 + Level 3.0 Staves
 + Level 3.0 Slings
 + Level 3.0 Bows
 + Level 3.0 Crossbows
 + Level 3.0 Throwing
 + Level 3.0 Armour
 + Level 3.0 Dodging
 + Level 3.0 Stealth
 + Level 3.0 Shields
 + Level 3.0 Unarmed Combat
 + Level 4.2 Spellcasting
 + Level 2.4 Conjurations
 + Level 2.4 Hexes
 + Level 2.4 Summonings
 + Level 2.4 Necromancy
 + Level 2.4 Translocations
 + Level 2.4 Transmutations
 + Level 6.0 Fire Magic
 + Level 2.4 Ice Magic
 + Level 2.4 Air Magic
 + Level 2.4 Earth Magic
 + Level 2.4 Poison Magic
 + Level 3.3 Invocations
 + Level 3.0 Evocations


You had 13 spell levels left.
You knew the following spells:

 Your Spells              Type           Power      Damage    Failure   Level
y - Scorch                Fire           36%        2d6       2%          2

Your spell library contained the following spells:

 Spells                   Type           Power      Damage    Failure   Level
 Inner Flame              Hex/Fire       13%        N/A       11%         3
 Cause Fear               Hex            4%         N/A       58%         4
 Discord                  Hex            4%         N/A       100%        8

Inventory:

Hand Weapons
 a - a -1 hand axe of flaming (weapon)
 g - a +0 flail
 u - a +2 vorpal trident
Missiles
 z - 5 atropa-tipped darts
Armour
 b - a +0 robe (worn)
 k - a +0 helmet (worn)
 t - the +0 pair of boots of the Untouchables {rElec Str+7 Int+3 Dex-5}

   Str:       It affects your strength (+7).
   Int:       It affects your intelligence (+3).
   Dex:       It affects your dexterity (-5).
   rElec:     It insulates you from electricity.
Magical Staves
 w - a staff of poison
Jewellery
 n - a ring of resist corrosion (right hand)
 q - a ring of see invisible (left hand)
 y - a +6 ring of dexterity
Wands
 A - a wand of charming (10)
Scrolls
 e - a scroll of enchant weapon {unknown}
 f - a scroll of teleportation {unknown}
 h - a scroll of fear
 i - 5 scrolls of identify {@r1}
 j - 2 scrolls of enchant armour
 m - a scroll of blinking {unknown}
 o - a scroll of amnesia {unknown}
 x - a scroll of fog {unknown}
Potions
 c - 2 potions of flight {unknown}
 d - a potion of resistance {unknown}
 l - a potion of mutation {unknown}
 p - 4 potions of berserk rage {unknown}
 r - a potion of haste {unknown}
 s - 2 potions of ambrosia {unknown}
 v - a potion of lignification {unknown}

Dungeon Overview and Level Annotations

Branches:
Dungeon (5/15)
 Temple: D:4-7

Altars:
Gozag
Uskayaw

▒▒▒▒▒▒▒▒▒▒▒▒
▒..........▒
▒..........▒▒▒▒.▒▒▒
▒..........g...<...
▒.........O▒▒▒▒▒..▒
▒..........▒
▒▒▒▒▒▒▒....▒▒▒
▒▒▒▒...▒ ▒▒▒.▒▒
▒..▒▒▒ .......▒...▒
▒.
..........▒...▒▒...


You could see a two-headed ogre.


Message History

The orc wizard hits your two-headed ogre with a +0 dagger.
Unknown command.
Flames lash the orc wizard.
The orc wizard is burned terribly!
You kill the orc wizard!
Unknown command.
Found 3 gold pieces.
Your magical contamination has completely faded away.
Found a scroll labelled TOKHLI NUNWETI.
The two-headed ogre is no longer charmed.
You see here a scroll labelled TOKHLI NUNWETI.
Unknown command.
The two-headed ogre hits you with a +0 giant club!!
The two-headed ogre barely misses you.
As you read the scroll labelled YSUYGU NYUHUNE, it crumbles to dust.
It is a scroll of identify.
h - 2 scrolls of fear
As you read the scroll of identify {@r1}, it crumbles to dust.
j - 2 scrolls of enchant armour The two-headed ogre barely misses you.
The two-headed ogre hits you with a +0 giant club!
* * * LOW HITPOINT WARNING * * *
Unknown command.
As you read the scroll of fear, it crumbles to dust.
You assume a fearsome visage.
The two-headed ogre looks frightened!
Found a stone staircase leading up.
The two-headed ogre seems to regain its courage.
The two-headed ogre hits you with a +0 giant club!!
You die...

Action                   |  1- 3 |  4- 6 |  7- 9 || total
-------------------------+-------+-------+-------++-------
Melee: Hand axe          |   138 |    97 |    23 ||   258
       Bite              |     6 |     9 |     2 ||    17
       Punch             |     1 |     1 |       ||     2
Throw: Dart              |       |       |     6 ||     6
 Cast: Scorch            |     6 |    29 |    18 ||    53
Evoke: Wand              |       |       |     1 ||     1
  Use: Scroll            |       |       |     3 ||     3
 Stab: Sleeping          |     1 |     3 |     2 ||     6
Armor: Robe              |    30 |    28 |    19 ||    77
Dodge: Dodged            |    95 |    69 |    55 ||   219

Levels and vault maps discovered:
D:1:      minmay_arrival_shoal_huts, layout_basic, serial_curves,
          eino_curves_02, eino_curves_02, ebering_ecumenical_altar_ruins
D:2:      layout_rooms
D:3:      layout_loops_cross, mainiacjoe_overflow_surrounded_room
D:4:      layout_basic, mainiacjoe_overflow_brackets, uniq_eustachio
D:5:      layout_rooms, minmay_temple_entry_sparse_star,
          minmay_misc_feat_enclosed, minmay_misc_feat_rows, uniq_sigmund
D:8:      layout_rooms

Notes
Turn   | Place    | Note
-------+----------+-------------------------------------------
     0 | D:1      | sanka the Gnoll Cinder Acolyte began the quest for the Orb.
     0 | D:1      | Reached XP level 1. HP: 23/23 MP: 4/4
   168 | D:1      | Reached XP level 2. HP: 22/29 MP: 5/5
   286 | D:1      | Found a faded altar of an unknown god.
   695 | D:1      | Reached XP level 3. HP: 26/35 MP: 7/7
  1161 | D:1      | Learned a level 2 spell: Scorch
  1589 | D:2      | Reached skill level 1 in Invocations
  1723 | D:2      | Reached skill level 1 in Short Blades
  1723 | D:2      | Reached skill level 1 in Long Blades
  1723 | D:2      | Reached skill level 1 in Maces & Flails
  1723 | D:2      | Reached skill level 1 in Polearms
  1723 | D:2      | Reached skill level 1 in Staves
  1723 | D:2      | Reached skill level 1 in Slings
  1723 | D:2      | Reached skill level 1 in Bows
  1723 | D:2      | Reached skill level 1 in Crossbows
  1723 | D:2      | Reached skill level 1 in Throwing
  1723 | D:2      | Reached skill level 1 in Armour
  1723 | D:2      | Reached skill level 1 in Dodging
  1723 | D:2      | Reached skill level 1 in Stealth
  1723 | D:2      | Reached skill level 1 in Shields
  1723 | D:2      | Reached skill level 1 in Unarmed Combat
  1723 | D:2      | Reached skill level 1 in Evocations
  1864 | D:2      | Reached XP level 4. HP: 41/41 MP: 2/8
  2161 | D:2      | Reached skill level 3 in Spellcasting
  2430 | D:3      | Reached skill level 1 in Conjurations
  2430 | D:3      | Reached skill level 1 in Hexes
  2430 | D:3      | Reached skill level 1 in Summonings
  2430 | D:3      | Reached skill level 1 in Necromancy
  2430 | D:3      | Reached skill level 1 in Translocations
  2430 | D:3      | Reached skill level 1 in Transmutations
  2430 | D:3      | Reached skill level 1 in Ice Magic
  2430 | D:3      | Reached skill level 1 in Air Magic
  2430 | D:3      | Reached skill level 1 in Earth Magic
  2430 | D:3      | Reached skill level 1 in Poison Magic
  2482 | D:3      | Reached XP level 5. HP: 47/47 MP: 4/9
  3031 | D:3      | Found a hide-covered altar of Uskayaw.
  3233 | D:4      | Noticed an ogre
  3248 | D:4      | Killed an ogre
  3249 | D:4      | Reached skill level 2 in Invocations
  3249 | D:4      | Reached XP level 6. HP: 53/53 MP: 3/11
  3427 | D:4      | Identified the +0 pair of boots of the Untouchables {rElec
                  | Str+7 Int+3 Dex-5}
  3498 | D:4      | Reached skill level 2 in Short Blades
  3498 | D:4      | Reached skill level 2 in Long Blades
  3498 | D:4      | Reached skill level 2 in Maces & Flails
  3498 | D:4      | Reached skill level 2 in Polearms
  3498 | D:4      | Reached skill level 2 in Staves
  3498 | D:4      | Reached skill level 2 in Slings
  3498 | D:4      | Reached skill level 2 in Bows
  3498 | D:4      | Reached skill level 2 in Crossbows
  3498 | D:4      | Reached skill level 2 in Throwing
  3498 | D:4      | Reached skill level 2 in Armour
  3498 | D:4      | Reached skill level 2 in Dodging
  3498 | D:4      | Reached skill level 2 in Stealth
  3498 | D:4      | Reached skill level 2 in Shields
  3498 | D:4      | Reached skill level 2 in Unarmed Combat
  3498 | D:4      | Reached skill level 2 in Evocations
  3668 | D:4      | Found an opulent altar of Gozag.
  3824 | D:4      | Noticed Eustachio
  3860 | D:4      | Reached XP level 7. HP: 30/59 MP: 9/12
  4327 | D:4      | Reached skill level 7 in Fighting
  4327 | D:4      | Reached skill level 7 in Axes
  4696 | D:4      | Found an opulent altar of Gozag.
  4968 | D:4      | Killed Eustachio
  4969 | D:4      | Reached skill level 2 in Conjurations
  4969 | D:4      | Reached skill level 2 in Hexes
  4969 | D:4      | Reached skill level 2 in Summonings
  4969 | D:4      | Reached skill level 2 in Necromancy
  4969 | D:4      | Reached skill level 2 in Translocations
  4969 | D:4      | Reached skill level 2 in Transmutations
  4969 | D:4      | Reached skill level 2 in Ice Magic
  4969 | D:4      | Reached skill level 2 in Air Magic
  4969 | D:4      | Reached skill level 2 in Earth Magic
  4969 | D:4      | Reached skill level 2 in Poison Magic
  5300 | D:5      | Entered Level 5 of the Dungeon
  5320 | D:5      | Noticed Sigmund
  5335 | D:5      | Killed Sigmund
  5336 | D:5      | Reached skill level 4 in Spellcasting
  5336 | D:5      | Reached skill level 3 in Invocations
  5507 | D:5      | Reached skill level 6 in Fire Magic
  5507 | D:5      | Reached XP level 8. HP: 63/67 MP: 7/14
  5597 | D:8      | Noticed a two-headed ogre
  5617 | D:8      | Reached skill level 3 in Short Blades
  5617 | D:8      | Reached skill level 3 in Long Blades
  5617 | D:8      | Reached skill level 3 in Maces & Flails
  5617 | D:8      | Reached skill level 3 in Polearms
  5617 | D:8      | Reached skill level 3 in Staves
  5617 | D:8      | Reached skill level 3 in Slings
  5617 | D:8      | Reached skill level 3 in Bows
  5617 | D:8      | Reached skill level 3 in Crossbows
  5617 | D:8      | Reached skill level 3 in Throwing
  5617 | D:8      | Reached skill level 3 in Armour
  5617 | D:8      | Reached skill level 3 in Dodging
  5617 | D:8      | Reached skill level 3 in Stealth
  5617 | D:8      | Reached skill level 3 in Shields
  5617 | D:8      | Reached skill level 3 in Unarmed Combat
  5617 | D:8      | Reached skill level 3 in Evocations
  5661 | D:8      | Slain by a two-headed ogre

Vanquished Creatures
  Sigmund (D:5)
  Eustachio (D:4)
  An ogre (D:4)
  A necrophage (D:5)
  A scorpion (D:4)
  2 hounds
  A jelly (D:4)
  An iguana (D:4)
  5 orc wizards
  11 adders
  A worm (D:2)
  2 dart slugs (D:3)
  7 orcs
  8 bats
  6 endoplasms
  4 giant cockroaches
  6 hobgoblins
  8 jackals
  2 quokkas
  6 ball pythons
  2 frilled lizards
  7 goblins
  8 kobolds
  9 rats
101 creatures vanquished.

Vanquished Creatures (collateral kills)
  2 orc priests (D:8)
2 creatures vanquished.

Grand Total: 103 creatures vanquished
